TOP OF THE 1ST |
Reno Aces batting - Pitching for Syracuse Chiefs : RHP Jose Barreras
|
Pitching: RHP Jose Barreras
|
|
Batting: RHB Jon Solano
|
0-0: Ball 1-0: Swinging Strike 1-1: Ball 2-1: Foul Ball, location: 2F 2-2: Ball 3-2: Base on Balls
|
Batting: RHB Andy Swaim
|
0-0: Foul Ball, location: 2F 0-1: Swinging Strike 0-2: Foul Ball, location: 2F 0-2: Reached on error, E1 (Groundball, 34S, EV 64.4 MPH) Jon Solano to second
|
Batting: SHB Salvador Aragon
|
0-0: Called Strike 0-1: Ball 1-1: Ball 2-1: Ball 3-1: Called Strike 3-2: Foul Ball, location: 2F 3-2: Fly out, F8 (Flyball, 8RD, EV 88.1 MPH) Runner from 2nd tags up, SAFE at 3rd with throw by CF
|
Batting: LHB Jeff Densmore
|
0-0: Called Strike Andy Swaim steals 2nd base (no throw) 0-1: Ball 1-1: Swinging Strike 1-2: Ball 2-2: Strikes out swinging
|
Batting: RHB Fabrice Bertin
|
0-0: Ball 1-0: Foul Ball, location: 2F 1-1: Swinging Strike 1-2: Ground out 6-3 (Groundball, 6, EV 88.1 MPH)
|
Top of the 1st over - 0 runs, 0 hits, 1 error, 2 left on base; Reno 0 - Syracuse 0 |
BOTTOM OF THE 1ST |
Syracuse Chiefs batting - Pitching for Reno Aces : RHP Raul Sanchez
|
Pitching: RHP Raul Sanchez
|
|
Batting: RHB Ke-yue Hong
|
0-0: Ball 1-0: Reached on error, E4 (Groundball, 4, EV 90.0 MPH)
|
Batting: LHB Dillon Gonzalez
|
0-0: Ball 1-0: Fly out, F7 (Flyball, 7D, EV 90.0 MPH) Runner from 2nd tags up, SAFE at 3rd, no throw by LF
|
Batting: LHB Dana McDonald
|
0-0: Ball 1-0: Ball 2-0: Called Strike 2-1: Ball 3-1: Foul Ball, location: 2F 3-2: Ground out 6-3 (Groundball, 6S, EV 82.5 MPH) Ke-yue Hong scores
|
Batting: RHB Donovan Auclair
|
0-0: Foul Ball, location: 2F 0-1: Ball 1-1: Called Strike 1-2: Ball 2-2: Foul Ball, location: 2F 2-2: Foul Ball, location: 2F 2-2: Fly out, F4 (Flyball, 34D, EV 85.6 MPH)
|
Bottom of the 1st over - 1 run, 0 hits, 1 error, 0 left on base; Reno 0 - Syracuse 1 |
TOP OF THE 2ND |
Reno Aces batting - Pitching for Syracuse Chiefs : RHP Jose Barreras
|
Batting: LHB Steve Reinhart
|
0-0: DOUBLE (Flyball, 8RD, EV 99.4 MPH)
|
Batting: RHB Alex Vasquez
|
0-0: Ball 1-0: Called Strike 1-1: Ball 2-1: Ground out 6-3 (Groundball, 6, EV 101.2 MPH)
|
Batting: LHB Ruben Rocha
|
0-0: Ground out 6-3 (Groundball, 6, EV 85.6 MPH) Steve Reinhart to third
|
Batting: RHB Tai Joo
|
0-0: Called Strike 0-1: Ball 1-1: Ball 2-1: Foul Ball, location: 2F 2-2: Foul Ball, location: 2F 2-2: Foul Ball, location: 2F 2-2: Ground out 6-3 (Groundball, 6MD, EV 106.2 MPH)
|
Top of the 2nd over - 0 runs, 1 hit, 0 errors, 1 left on base; Reno 0 - Syracuse 1 |
BOTTOM OF THE 2ND |
Syracuse Chiefs batting - Pitching for Reno Aces : RHP Raul Sanchez
|
Batting: RHB Ben Welt
|
0-0: Ball 1-0: Swinging Strike 1-1: Swinging Strike 1-2: Ground out 3-1 (Groundball, 34, EV 87.5 MPH)
|
Batting: LHB Erik Beezley
|
0-0: SINGLE (Groundball, 6MD, EV 96.9 MPH)
|
Batting: RHB Jim Towle
|
0-0: Foul Ball, location: 2F 0-1: Called Strike 0-2: Foul Ball, location: 2F 0-2: Ball 1-2: Foul Ball, location: 2F 1-2: Strikes out swinging
|
Batting: RHB Brennan Cameron
|
0-0: Ball 1-0: Fly out, F4 (Popup, 4MD, EV 65.0 MPH)
|
Bottom of the 2nd over - 0 runs, 1 hit, 0 errors, 1 left on base; Reno 0 - Syracuse 1 |
TOP OF THE 3RD |
Reno Aces batting - Pitching for Syracuse Chiefs : RHP Jose Barreras
|
Batting: RHB Jon Solano
|
0-0: Ball 1-0: Foul Ball, location: 2F 1-1: Foul Ball, location: 2F 1-2: Strikes out looking
|
Batting: RHB Andy Swaim
|
0-0: Ball 1-0: Called Strike 1-1: Ball 2-1: Called Strike 2-2: Ball 3-2: Foul Ball, location: 2F 3-2: Base on Balls
|
Batting: SHB Salvador Aragon
|
0-0: Ball Wild Pitch! Andy Swaim to second 1-0: Ground out 5-3 (Groundball, 56, EV 83.8 MPH)
|
Batting: LHB Jeff Densmore
|
0-0: Called Strike 0-1: Foul Ball, location: 2F 0-2: Strikes out swinging
|
Top of the 3rd over - 0 runs, 0 hits, 0 errors, 1 left on base; Reno 0 - Syracuse 1 |
BOTTOM OF THE 3RD |
Syracuse Chiefs batting - Pitching for Reno Aces : RHP Raul Sanchez
|
Batting: RHB Justin Slifka
|
0-0: Ball 1-0: Foul Ball, location: 2F 1-1: Ball 2-1: Ball 3-1: Called Strike 3-2: Foul Ball, location: 2F 3-2: Foul Ball, location: 2F 3-2: Foul Ball, location: 2F 3-2: Foul Ball, location: 2F 3-2: Foul Ball, location: 2F 3-2: Fly out, F3 (Popup, 3SF, EV 82.5 MPH)
|
Batting: RHB Ke-yue Hong
|
0-0: Ball 1-0: Ball 2-0: Ball 3-0: Called Strike 3-1: Base on Balls
|
Batting: LHB Dillon Gonzalez
|
0-0: Ball 1-0: Called Strike 1-1: Foul Ball, location: 2F 1-2: Ball 2-2: Ball 3-2: Base on Balls Ke-yue Hong to second
|
Batting: LHB Dana McDonald
|
0-0: Foul Ball, location: 2F 0-1: Ball 1-1: Grounds into double play, 4-6-3 (Groundball, 4, EV 89.4 MPH)
|
Bottom of the 3rd over - 0 runs, 0 hits, 0 errors, 1 left on base; Reno 0 - Syracuse 1 |
TOP OF THE 4TH |
Reno Aces batting - Pitching for Syracuse Chiefs : RHP Jose Barreras
|
Batting: RHB Fabrice Bertin
|
0-0: Ball 1-0: Called Strike 1-1: Fly out, F6 (Popup, P, EV 83.8 MPH)
|
Batting: LHB Steve Reinhart
|
0-0: Ball 1-0: Ball 2-0: Foul Ball, location: 2F 2-1: Ball 3-1: Fly out, F3 (Popup, 34, EV 68.8 MPH)
|
Batting: RHB Alex Vasquez
|
0-0: Ball 1-0: Foul Ball, location: 2F 1-1: Foul Ball, location: 2F 1-2: Foul Ball, location: 2F 1-2: Strikes out swinging
|
Top of the 4th over - 0 runs, 0 hits, 0 errors, 0 left on base; Reno 0 - Syracuse 1 |
BOTTOM OF THE 4TH |
Syracuse Chiefs batting - Pitching for Reno Aces : RHP Raul Sanchez
|
Batting: RHB Donovan Auclair
|
0-0: Ball 1-0: Ball 2-0: Ball 3-0: Called Strike 3-1: SINGLE (Line Drive, 6D, EV 100.0 MPH)
|
Batting: RHB Ben Welt
|
0-0: Ball Donovan Auclair steals 2nd base 1-0: Ground out 4-3 (Groundball, 4S, EV 78.8 MPH) Donovan Auclair to third
|
Batting: LHB Erik Beezley
|
0-0: Ball 1-0: Ball 2-0: Called Strike 2-1: Foul Ball, location: 2F 2-2: Fly out, F6 (Popup, 6MS, EV 60.6 MPH)
|
Batting: RHB Jim Towle
|
0-0: Ball 1-0: Ball 2-0: Called Strike 2-1: Called Strike 2-2: Strikes out swinging
|
Bottom of the 4th over - 0 runs, 1 hit, 0 errors, 1 left on base; Reno 0 - Syracuse 1 |
TOP OF THE 5TH |
Reno Aces batting - Pitching for Syracuse Chiefs : RHP Jose Barreras
|
Batting: LHB Ruben Rocha
|
0-0: Called Strike 0-1: Ball 1-1: Foul Ball, location: 2F 1-2: Ball 2-2: DOUBLE (Line Drive, 3D, EV 97.5 MPH)
|
Pinch Runner at 2nd Troy Maynard:
|
|
Batting: RHB Tai Joo
|
0-0: Ball 1-0: Called Strike 1-1: Called Strike 1-2: Ground out 6-3 (Groundball, 6, EV 88.8 MPH)
|
Batting: RHB Jon Solano
|
0-0: Ball 1-0: Ball 2-0: Ground out 6-3 (Groundball, 56D, EV 89.4 MPH)
|
Batting: RHB Andy Swaim
|
0-0: Ball 1-0: SINGLE (Groundball, 6MD, EV 105.0 MPH) Troy Maynard to third
|
Batting: SHB Salvador Aragon
|
0-0: Called Strike 0-1: Fly out, F3 (Flyball, 3D, EV 90.6 MPH)
|
Top of the 5th over - 0 runs, 2 hits, 0 errors, 2 left on base; Reno 0 - Syracuse 1 |
BOTTOM OF THE 5TH |
Syracuse Chiefs batting - Pitching for Reno Aces : RHP Raul Sanchez
|
Batting: RHB Brennan Cameron
|
0-0: Called Strike 0-1: Foul Ball, location: 2F 0-2: Foul Ball, location: 2F 0-2: Ball 1-2: Foul Ball, location: 2F 1-2: Ball 2-2: Foul Ball, location: 2F 2-2: Ground out 6-3 (Groundball, 6, EV 85.0 MPH)
|
Batting: RHB Justin Slifka
|
0-0: Swinging Strike 0-1: Foul Ball, location: 2F 0-2: Strikes out swinging
|
Batting: RHB Ke-yue Hong
|
0-0: SINGLE (Groundball, 6, EV 98.8 MPH)
|
Batting: LHB Dillon Gonzalez
|
0-0: Ball 1-0: Called Strike 1-1: Fly out, F8 (Flyball, 8RD, EV 80.6 MPH)
|
Bottom of the 5th over - 0 runs, 1 hit, 0 errors, 1 left on base; Reno 0 - Syracuse 1 |
TOP OF THE 6TH |
Reno Aces batting - Pitching for Syracuse Chiefs : RHP Jose Barreras
|
Batting: LHB Jeff Densmore
|
0-0: Ball 1-0: Called Strike 1-1: Ball 2-1: SINGLE (Flyball, 56D, EV 90.6 MPH)
|
Batting: RHB Fabrice Bertin
|
0-0: Foul Ball, location: 2F 0-1: Ball 1-1: Ball Jeff Densmore steals 2nd base 2-1: Ball 3-1: Base on Balls
|
Batting: LHB Steve Reinhart
|
0-0: Called Strike 0-1: Ground out U3 (Groundball, 3L, EV 80.0 MPH) Jeff Densmore to third Fabrice Bertin to second
|
Batting: RHB Alex Vasquez
|
0-0: Swinging Strike 0-1: Ground out 6-3 (Groundball, 6, EV 87.5 MPH)
|
Batting: SHB Troy Maynard
|
0-0: Ball 1-0: Ball 2-0: Ball 3-0: Base on Balls
|
Pitching: RHP Bill Stump
|
|
Batting: RHB Tai Joo
|
0-0: Ball 1-0: Called Strike 1-1: Called Strike 1-2: Ball 2-2: Ball 3-2: Foul Ball, location: 2F 3-2: Strikes out swinging
|
Top of the 6th over - 0 runs, 1 hit, 0 errors, 3 left on base; Reno 0 - Syracuse 1 |
BOTTOM OF THE 6TH |
Syracuse Chiefs batting - Pitching for Reno Aces : RHP Raul Sanchez
|
Batting: LHB Dana McDonald
|
0-0: Ball 1-0: Ball 2-0: Ball 3-0: Called Strike 3-1: SINGLE (Groundball, 25, EV 70.0 MPH) (infield hit)
|
Batting: RHB Donovan Auclair
|
0-0: Called Strike 0-1: Ball 1-1: Called Strike 1-2: Reached on error, E5 (Groundball, 56S, EV 91.9 MPH) Dana McDonald to second
|
Pitching: RHP Manny Ferrer
|
|
Batting: RHB Ben Welt
|
0-0: Ball 1-0: Ball 2-0: Called Strike 2-1: Ball 3-1: Base on Balls Dana McDonald to third Donovan Auclair to second
|
Batting: LHB Erik Beezley
|
0-0: Ball 1-0: Called Strike 1-1: Ball 2-1: Ball 3-1: Base on Balls Dana McDonald scores Donovan Auclair to third Ben Welt to second
|
Batting: RHB Jim Towle
|
0-0: Foul Ball, location: 2F 0-1: Foul Ball, location: 2F 0-2: Ball 1-2: Strikes out swinging
|
Batting: RHB Brennan Cameron
|
0-0: Fly out, F8 (Flyball, 8RXD, EV 100.0 MPH) Runner from 3rd tags up, SCORES, no throw by CF Ben Welt to third
|
Batting: RHB Justin Slifka
|
0-0: Called Strike 0-1: Ball 1-1: Fly out, F5 (Line Drive, 5, EV 69.4 MPH)
|
Bottom of the 6th over - 2 runs, 1 hit, 1 error, 2 left on base; Reno 0 - Syracuse 3 |
TOP OF THE 7TH |
Reno Aces batting - Pitching for Syracuse Chiefs : RHP Bill Stump
|
Batting: RHB Jon Solano
|
0-0: Ground out 6-3 (Groundball, 6D, EV 109.4 MPH)
|
Batting: RHB Andy Swaim
|
0-0: Called Strike 0-1: Foul Ball, location: 2F 0-2: Ball 1-2: Ball 2-2: Ball 3-2: Foul Ball, location: 2F 3-2: Base on Balls
|
Batting: SHB Salvador Aragon
|
0-0: Ball Andy Swaim steals 2nd base (no throw) 1-0: Ball 2-0: Ball 3-0: Called Strike 3-1: Base on Balls
|
Pitching: LHP Ian Bell
|
|
Batting: LHB Jeff Densmore
|
0-0: Ball 1-0: Foul Ball, location: 2F 1-1: TRIPLE (Flyball, 78XD, EV 109.4 MPH) Andy Swaim scores Salvador Aragon scores
|
Pitching: RHP Danny Newbegin
|
|
Batting: RHB Fabrice Bertin
|
0-0: Ball 1-0: Ball 2-0: SINGLE (Groundball, 56, EV 97.5 MPH) Jeff Densmore scores
|
Batting: LHB Steve Reinhart
|
0-0: Called Strike 0-1: Ball 1-1: Ball 2-1: Foul Ball, location: 2F 2-2: Grounds into double play, 6-4-3 (Groundball, 6, EV 100.0 MPH)
|
Top of the 7th over - 3 runs, 2 hits, 0 errors, 0 left on base; Reno 3 - Syracuse 3 |
BOTTOM OF THE 7TH |
Syracuse Chiefs batting - Pitching for Reno Aces : RHP Manny Ferrer
|
Pitching: RHP Bill Pauley
|
|
Batting: RHB Ke-yue Hong
|
0-0: Called Strike 0-1: Ball 1-1: Ball 2-1: Called Strike 2-2: Foul Ball, location: 2F 2-2: Ball 3-2: SINGLE (Line Drive, 7S, EV 108.8 MPH)
|
Batting: LHB Dillon Gonzalez
|
0-0: Ball 1-0: Bunt - Flyout to 13S! F1
|
Batting: LHB Dana McDonald
|
0-0: Ball 1-0: Swinging Strike 1-1: Fly out, F7 (Flyball, 7D, EV 101.9 MPH)
|
Batting: RHB Donovan Auclair
|
0-0: Ball 1-0: Called Strike 1-1: Ball 2-1: Swinging Strike 2-2: Foul Ball, location: 2F 2-2: Ball 3-2: Base on Balls Ke-yue Hong to second
|
Batting: RHB Ben Welt
|
0-0: Foul Ball, location: 2F 0-1: Ground out 4-3 (Groundball, 4S, EV 82.5 MPH)
|
Bottom of the 7th over - 0 runs, 1 hit, 0 errors, 2 left on base; Reno 3 - Syracuse 3 |
TOP OF THE 8TH |
Reno Aces batting - Pitching for Syracuse Chiefs : RHP Danny Newbegin
|
Batting: RHB Alex Vasquez
|
0-0: Called Strike 0-1: Ground out 1-3 (Groundball, 15S, EV 75.0 MPH)
|
Batting: SHB Troy Maynard
|
0-0: Ball 1-0: Ground out 6-3 (Groundball, 6M, EV 81.9 MPH)
|
Batting: RHB Tai Joo
|
0-0: Ball 1-0: Ball 2-0: Called Strike 2-1: Ball 3-1: Ground out 6-3 (Groundball, 6, EV 108.8 MPH)
|
Top of the 8th over - 0 runs, 0 hits, 0 errors, 0 left on base; Reno 3 - Syracuse 3 |
BOTTOM OF THE 8TH |
Syracuse Chiefs batting - Pitching for Reno Aces : RHP Bill Pauley
|
Pitching: LHP Yorinobu Noguchi
|
|
Batting: RHB Niek de Haan
|
0-0: Ball 1-0: Ground out U3 (Groundball, 34, EV 98.1 MPH)
|
Batting: RHB Jim Towle
|
0-0: Swinging Strike 0-1: Ball 1-1: Called Strike 1-2: Fly out, F8 (Flyball, 89XD, EV 85.0 MPH)
|
Batting: RHB Brennan Cameron
|
0-0: Ground out 4-3 (Groundball, 4, EV 86.2 MPH)
|
Bottom of the 8th over - 0 runs, 0 hits, 0 errors, 0 left on base; Reno 3 - Syracuse 3 |
TOP OF THE 9TH |
Reno Aces batting - Pitching for Syracuse Chiefs : RHP Danny Newbegin
|
Batting: RHB Jon Solano
|
0-0: Ball 1-0: Ball 2-0: Foul Ball, location: 2F 2-1: Ball 3-1: SINGLE (Groundball, 25, EV 69.4 MPH) (infield hit)
|
Batting: RHB Andy Swaim
|
0-0: Ball 1-0: Ball 2-0: Bunt missed! 2-1: Sac Bunt to 15 - play at first, batter OUT! 1-4 Jon Solano to second
|
Batting: SHB Salvador Aragon
|
0-0: Ball 1-0: Ball 2-0: Ball 3-0: Called Strike 3-1: Fly out, F7 (Flyball, 7D, EV 98.1 MPH) Runner from 2nd tags up, SAFE at 3rd, no throw by LF
|
Batting: LHB Jeff Densmore
|
0-0: Called Strike 0-1: Ball 1-1: Foul Ball, location: 2F 1-2: Strikes out swinging
|
Top of the 9th over - 0 runs, 1 hit, 0 errors, 1 left on base; Reno 3 - Syracuse 3 |
BOTTOM OF THE 9TH |
Syracuse Chiefs batting - Pitching for Reno Aces : LHP Yorinobu Noguchi
|
Batting: RHB Justin Slifka
|
0-0: Ball 1-0: Foul Ball, location: 2F 1-1: Swinging Strike 1-2: Ball 2-2: SOLO HOME RUN (Flyball, 89XD, EV 100.0 MPH), Distance : 407 ft
|
Bottom of the 9th over - 1 run, 1 hit, 0 errors, 0 left on base; Reno 3 - Syracuse 4 |
|
Game Over ... Syracuse defeats Reno, 4 to 3
|
|
|